AoeStats
← Orange Jiangzc

Arabia

518412933Analyzed
1v1 RM · 4d ago on Nov 3, 2026· 33m 57s· 2 players
Game mode
Random Map
Map size
Tiny (2 player)
Population
200
Speed
Normal
Resources
Standard
Victory
Conquest
Starting age
Dark Age
Ending age
Imperial Age
RankedLock teamsTeams togetherTeam positionsShared explorationLock speedFull tech treeHidden civsTurbo modeCheats
Victory
Defeat
🇨🇳 Byzantines · China
1068
+15
vs
🇮🇳 Mongols · India
1039
-15
WhoElse
5:07 Loom
7:48 Feudal Age
22:28 Castle Age
22:43 Crossbowman
24:50 Fletching
30:49 Wheelbarrow
32:51 Scale Barding Armor
33:31 Bodkin Arrow
Orange Jiangzc
5:19 Loom
9:54 Feudal Age
11:34 Double-Bit Axe
16:58 Wheelbarrow
20:29 Horse Collar
23:53 Castle Age
21:45 Gold Mining
21:46 Stone Mining
22:12 Padded Archer Armor
26:18 Squires
26:57 Hand Cart
28:02 Scale Mail Armor
29:34 Elite Skirmisher
30:09 Fletching
30:34 Leather Archer Armor
30:41 Gambesons
31:18 Chain Mail Armor
31:14 Forging
Connection lost

Rejoining the realm…

Still unreachable

The connection could not be restored.

Session expired

The server has moved on; the page needs a fresh start.